 Dungeon Crawl Stone Soup version 0.28.0-53-g5a82cb258f (webtiles) character file.

Game seed: 3999742215888888990

1315 PentaManta the Slicer (level 8, -1/43 HPs)
             Began as a Kobold Artificer on June 16, 2022.
             Was a Follower of Uskayaw.
             Slain by Pikel
             ... wielding a +2 whip of freezing
              (9 damage)
             ... on level 6 of the Dungeon.
             The game lasted 00:15:19 (7205 turns).

PentaManta the Slicer (Kobold Artificer)            Turns: 7205, Time: 00:15:20

Health: -1/43      AC:  8    Str:  9    XL:     8   Next: 89%
Magic:  8/8        EV: 16    Int: 12    God:    Uskayaw [*.....]
Gold:   33         SH:  0    Dex: 18    Spells: 7/7 levels left

rFire   . . .      SeeInvis .   q - +4 short sword
rCold   . . .      Faith    .   (no shield)
rNeg    . . .      Spirit   .   a - +0 ring mail
rPois   .          Reflect  .   (no helmet)
rElec   .          Harm     .   (no cloak)
rCorr   +          Rampage  .   v - +1 pair of gloves
Will    .....                   o - +0 pair of boots
Stlth   ++++......              f - amulet of regeneration
HPRegen 0.94/turn               t - ring of resist corrosion
MPRegen 0.11/turn               (no ring)

@: no status effects
A: small, no large weapons, nightstalker 3
a: Renounce Religion, Stomp


You were on level 6 of the Dungeon.
You worshipped Uskayaw.
Uskayaw was noncommittal.
You visited 2 branches of the dungeon, and saw 7 of its levels.

You collected 250 gold pieces.
You spent 217 gold pieces at shops.

Inventory:

Hand Weapons
 q - a +4 short sword (weapon)
 s - a +2 dagger of protection
 y - a +0 long sword
 C - a +2 rapier of draining
Armour
 a - a +0 ring mail (worn)
 b - a +0 leather armour
 o - a +0 pair of boots (worn)
 v - a +1 pair of gloves (worn)
 z - a +1 scale mail of poison resistance
Jewellery
 f - an amulet of regeneration (around neck)
 t - a ring of resist corrosion (left hand)
Wands
 c - a wand of flame (6) (quivered)
 d - a wand of charming (7)
 u - a wand of polymorph (3)
Scrolls
 g - 2 scrolls of enchant weapon {unknown}
 h - 2 scrolls of amnesia {unknown}
 j - 7 scrolls of identify {unknown}
 k - 2 scrolls of teleportation {unknown}
 m - 2 scrolls of noise {unknown}
 n - a scroll of vulnerability {unknown}
 r - 2 scrolls of fog {unknown}
 x - a scroll of magic mapping {unknown}
Potions
 i - a potion of invisibility {unknown}
 l - a potion of heal wounds
 p - a potion of lignification {unknown}
 w - 2 potions of curing
 A - a potion of resistance {unknown}
 B - 2 potions of might
Miscellaneous
 e - a piece from Xom's chessboard (inert)


   Skills:
 - Level 1.1 Fighting
 + Level 9.0 Short Blades
 - Level 0.7 Armour
 + Level 8.0 Dodging
 - Level 5.4 Stealth
 - Level 3.6 Evocations


You had 7 spell levels left.
You didn't know any spells.
Your spell library contained the following spells:

 Spells                   Type           Power      Damage    Failure   Level
 Summon Small Mammal      Summ           0%         N/A       67%         1
 Corpse Rot               Necr/Air       0%         N/A       80%         2
 Call Canine Familiar     Summ           0%         N/A       95%         3
 Conjure Flame            Conj/Fire      0%         6-21      95%         3
 Ignite Poison            Fire/Tmut/Pois 0%         N/A       95%         3
 Portal Projectile        Hex/Tloc       0%         N/A       95%         3
 Summon Guardian Golem    Hex/Summ       0%         N/A       95%         3
 Tukima's Dance           Hex            0%         N/A       95%         3
 Dispel Undead            Necr           0%         3d6       100%        4
 Leda's Liquefaction      Hex/Erth       0%         N/A       100%        4
 Passage of Golubria      Tloc           0%         N/A       100%        4
 Sticky Flame             Conj/Fire      0%         2d3       100%        4
 Yara's Violent Unravell  Hex/Tmut       0%         3d3       100%        5
 Death Channel            Necr           0%         N/A       100%        6
 Dispersal                Tloc           0%         N/A       100%        6
 Disjunction              Tloc           0%         N/A       100%        8


Dungeon Overview and Level Annotations

Branches:
Dungeon (6/15)             Temple (1/1) D:4

Altars:
Ashenzari
Cheibriados
Dithmenos
Elyvilon
Fedhas
Gozag
Hepliaklqana
Kikubaaqudgha
Makhleb
Nemelex Xobeh
Okawaru
Qazlal
Ru
Sif Muna
Trog
Uskayaw
Vehumet
Wu Jian
Xom
Zin
The Shining One

Shops:
D:2 (   D:3 ?

Annotations:
D:6 Pikel


Innate Abilities, Weirdness & Mutations

You are small and have problems with some larger weapons.
You are completely attuned to the shadows.


Message History

The lemure hits you. Pikel barely misses you.
You hit Pikel but do no damage.
Pikel is severely wounded.
The lemure hits you but does no damage.
You hit Pikel.
Pikel is severely wounded.
Pikel hits you but does no damage.
You hit Pikel.
Pikel is severely wounded.
The lemure completely misses you.
You hit Pikel.
Pikel is almost dead.
Pikel closely misses you. The lemure barely misses you.
You hit Pikel but do no damage.
Pikel is almost dead.
Pikel hits you with a +2 whip of freezing.
Pikel freezes you.
You hit Pikel.
Pikel is almost dead.
The lemure hits you.
You hit Pikel but do no damage.
Pikel is almost dead.
Pikel hits you with a +2 whip of freezing!
Pikel freezes you. The lemure hits you.
You barely miss Pikel.
Pikel is almost dead.
Pikel hits you with a +2 whip of freezing.
Pikel freezes you.
* * * LOW HITPOINT WARNING * * *
You completely miss Pikel.
Pikel is almost dead.
The lemure barely misses you. Pikel closely misses you.
You hit Pikel but do no damage.
Pikel is almost dead.
The lemure hits you.
* * * LOW HITPOINT WARNING * * *
You hit Pikel.
Pikel is almost dead.
Pikel hits you with a +2 whip of freezing!
You die...

.............
#..............
##...........{.
.......#........
#......##......
...##.[##.##... .
.....)).)..# ..
#..###(5##)....#
.
##......@.#....##
#...##.K..######
#.........#
##.........#
##..##...##
#......#.##
##....#### ##.###
###


You could see Pikel and a lemure.

Vanquished Creatures
  Menkaure (D:5)
  A water moccasin (D:6)
  Duvessa (D:5)
  3 lemures
  A centaur (D:4)
  A phantom (D:5)
  3 scorpions
  Dowan (D:5)
  7 hounds
  An orc priest (D:6)
  A jelly (D:6)
  An iguana (D:6)
  3 orc wizards
  A hound zombie (D:3)
  A hound skeleton (D:4)
  4 gnolls (D:5)
  9 adders
  A shadow imp (D:6)
  A white imp (D:5)
  An adder zombie (D:5)
  2 worms
  2 dart slugs
  9 orcs
  4 bats
  13 endoplasms
  2 giant cockroaches
  10 goblins
  6 hobgoblins
  2 jackals (D:1)
  8 ball pythons
  2 frilled lizards
  6 kobolds
  4 rats (D:1)
113 creatures vanquished.

Vanquished Creatures (collateral kills)
  An orc wizard (D:3)
  An adder (D:4)
  A worm (D:3)
  An orc (D:4)
4 creatures vanquished.

Vanquished Creatures (others)
  A water moccasin (D:4)
  An orc wizard (D:3)
  7 fungi (D:5)
9 creatures vanquished.

Grand Total: 126 creatures vanquished

Notes
Turn   | Place    | Note
-------+----------+-------------------------------------------
     0 | D:1      | PentaManta the Kobold Artificer began the quest for the
                  | Orb.
     0 | D:1      | Reached XP level 1. HP: 12/12 MP: 1/1
   442 | D:1      | Reached XP level 2. HP: 11/16 MP: 2/2
   659 | D:1      | Reached skill level 1 in Short Blades
  1182 | D:1      | Reached XP level 3. HP: 20/20 MP: 3/3
  1443 | D:1      | Reached skill level 2 in Short Blades
  2209 | D:2      | Reached skill level 3 in Short Blades
  2364 | D:2      | Found Gijad's Antique Weapon Shoppe.
  2372 | D:2      | Reached XP level 4. HP: 25/25 MP: 4/4
  2643 | D:2      | Reached skill level 4 in Short Blades
  2962 | D:2      | Found a faded altar of an unknown god.
  3184 | D:2      | Found an iron altar of Okawaru.
  3500 | D:3      | Reached XP level 5. HP: 8/29 MP: 5/5
  3882 | D:3      | Found Zoeqe's Magic Scroll Emporium.
  4684 | D:4      | Reached skill level 5 in Stealth
  4704 | D:4      | Found a staircase to the Ecumenical Temple.
  4711 | Temple   | Entered the Ecumenical Temple
  5239 | Temple   | Became a worshipper of Uskayaw the Reveller
  5287 | D:4      | Reached XP level 6. HP: 34/34 MP: 6/6
  5314 | D:4      | Reached * piety under Uskayaw
  5402 | D:4      | Reached ** piety under Uskayaw
  5585 | D:4      | Noticed a water moccasin
  5681 | D:4      | Reached skill level 5 in Short Blades
  6015 | D:4      | Reached XP level 7. HP: 38/38 MP: 7/7
  6048 | D:5      | Entered Level 5 of the Dungeon
  6058 | D:5      | Noticed Menkaure
  6079 | D:4      | Reached skill level 5 in Dodging
  6114 | D:5      | Killed Menkaure
  6115 | D:5      | Reached skill level 6 in Short Blades
  6153 | D:5      | Reached *** piety under Uskayaw
  6299 | D:5      | Reached skill level 7 in Short Blades
  6299 | D:5      | Reached XP level 8. HP: 43/43 MP: 8/8
  6479 | D:5      | Noticed Duvessa
  6481 | D:5      | Noticed Dowan
  6495 | D:5      | Killed Duvessa
  6502 | D:5      | Killed Dowan
  6733 | D:5      | Reached skill level 8 in Short Blades
  6871 | D:6      | Noticed Pikel
  6967 | D:2      | Bought a runed rapier for 217 gold pieces
  7099 | D:6      | Reached **** piety under Uskayaw
  7115 | D:6      | Reached skill level 9 in Short Blades
  7205 | D:6      | Slain by Pikel

Illustrated notes

Levels and vault maps discovered:
D:1:      dpeg_arrival_three_same_balls, layout_loops_corners,
          minmay_split_cup_small
D:2:      layout_basic, chequers_ecumenical_altar_twisty, serial_shops, shop,
          basic_altar
D:3:      layout_loops_ring, serial_shops, nicolae_shop_waterfront
D:4:      layout_cave_pools, minmay_temple_entry_stoned_glass,
          amcnicky_mini_rare_corridor_liquid, hangedman_abyss_or_decor_passed,
          minmay_divided_ellipse
D:5:      layout_rooms, serial_aquarium, aquarium_bridge_square
          [aquarium_subvault_wall, aquarium_subvault_bridge,
          aquarium_subvault_balcony, aquarium_subvault_wall],
          aquarium_window_fake, aquarium_window_2, aquarium_view_2a,
          aquarium_pool_corner, minmay_misc_feat_iff, uniq_duvessa,
          uniq_menkaure
D:6:      layout_cave_pools, supply_closet_lemuel, corexii_corridor_pit,
          uniq_pikel
Temple:   mainiacjoe_temple_trianglar_array

Skill      XL: |  1  2  3  4  5  6  7  8 |
---------------+-------------------------+-----
Dodging        | 3 4 6 8 |  8.0
Short Blades   | 1 3 4 5 7 9 |  9.0
Stealth        | 3 5 |  5.4
Fighting       | |  1.1
Armour         | |  0.7
Evocations     | |  3.6

Action                   |  1- 3 |  4- 6 |  7- 9 || total
-------------------------+-------+-------+-------++-------
Melee: Club              |    61 |       |       ||    61
       Punch             |     2 |     2 |     1 ||     5
       Dagger            |    45 |       |       ||    45
       Short sword       |    22 |   161 |   201 ||   384
Evoke: Wand              |     4 |    10 |     4 ||    18
       Piece from Xom's  |       |     4 |    18 ||    22
  Use: Potion            |       |     4 |       ||     4
 Stab: Sleeping          |    14 |    12 |     5 ||    31
       Paralysed         |       |       |     5 ||     5
       Petrified         |       |       |     4 ||     4
       Distracted        |       |       |     1 ||     1
Armor: Leather armour    |    29 |       |       ||    29
       Ring mail         |     5 |    60 |    21 ||    86
Dodge: Dodged            |   125 |   116 |   128 ||   369
